 Dungeon Crawl Stone Soup version 0.21.1-1-g345015f (webtiles) character file.

355825 xccam the Warrior (level 22, -2/167 HPs)
             Began as a Gargoyle Fighter on Feb 14, 2018.
             Was a High Priest of Trog.
             Splashed with acid (15 damage)
             ... on level 4 of the Pits of Slime.
             The game lasted 02:11:39 (43539 turns).

xccam the Warrior (Gargoyle Fighter)               Turns: 43539, Time: 02:11:40

Health: -2/167     AC: 25    Str: 20    XL:     22   Next: 33%
Magic:  7/7        EV: 11    Int: 10    God:    Trog [*****.]
Gold:   2276       SH: 18    Dex: 12    Spells: 21/21 levels left

rFire    . . .     SeeInvis .   D - +9 demon whip (antimagic)
rCold    + . .     Gourm    .   M - +2 shield {rPois}
rNeg     + . .     Faith    .   L - +0 crystal plate armour
rPois    ∞         Spirit   .   v - +0 hat {MR+}
rElec    +         Reflect  +   a - +0 cloak
rCorr    +         Harm     .   Q - +0 pair of gloves (curse)
MR       ++...                  H - +1 pair of boots {run}
Stlth    ..........             l - +3 amulet of reflection
HPRegen  0.37/turn              K - ring of protection from cold
MPRegen  0.10/turn              z - ring of resist corrosion

@: corroded, flying, quick
A: big wings, blink, clumsy 1, deformed body, dopey 1, negative energy
resistance 1, robust 1, electricity resistance, weak 1, unbreathing,
petrification resistance, rot immunity, MP-powered wands, AC +16
}: 2/15 runes: decaying, gossamer
a: Stop Flying, Blink, Berserk, Trog's Hand, Brothers in Arms, Burn Spellbooks,
Renounce Religion


You were on level 4 of the Pits of Slime.
You worshipped Trog.
Trog was extremely pleased with you.
You were not hungry.

You visited 8 branches of the dungeon, and saw 41 of its levels.
You also visited: Labyrinth, Ossuary, Bailey and Ice Cave.

You collected 2904 gold pieces.
You spent 628 gold pieces at shops.

Inventory:

Hand Weapons
 D - a +9 antimagic demon whip (weapon)
Armour
 a - a +0 cloak (worn)
 i - a +0 large shield
 n - a +1 helmet of intelligence
 v - a +0 hat of magic resistance (worn)
 B - +3 storm dragon scales {Bai Suzhen}
 H - a +1 pair of boots of running (worn)
 L - a +0 crystal plate armour (worn)
 M - a +2 shield of poison resistance (worn)
 Q - a cursed +0 pair of gloves (worn)
 Z - the +2 pair of boots of Miracles {+Inv rF+}
   (You found it in a bailey)

   It protects you from fire.
   It lets you turn invisible.
Jewellery
 h - an uncursed ring of fire
 l - a +3 amulet of reflection (around neck)
 q - a +1 ring of evasion
 x - an uncursed amulet of regeneration
 z - a ring of resist corrosion (right hand)
 C - the ring "Woduum" {Str+5 Stlth-}
   (You found it on level 9 of the Dungeon)

   [ring of loudness]

   It affects your strength (+5).
   It makes you less stealthy.
 G - an uncursed ring of fire
 K - a ring of protection from cold (left hand)
 N - the ring of Dishonesty {MR+ Stlth+}
   (You acquired it on level 1 of the Vaults)

   [ring of protection from magic]

   It affects your resistance to hostile enchantments.
   It makes you more stealthy.
Wands
 b - a wand of paralysis (23)
 j - a wand of iceblast (53)
 s - a wand of enslavement (14)
 u - a wand of scattershot (8)
 A - a wand of disintegration (1)
 I - a wand of flame (103)
 R - a wand of digging (11)
 W - a wand of acid (24)
Scrolls
 e - 11 scrolls of identify
 g - 16 scrolls of remove curse
 o - 3 scrolls of fear
 p - 14 scrolls of teleportation
 r - 2 scrolls of summoning
 t - a scroll of enchant armour
 y - 4 scrolls of fog
 F - a scroll of enchant weapon
 O - a scroll of silence
 P - 6 scrolls of magic mapping
 V - 2 scrolls of blinking
Potions
 c - 10 potions of curing
 d - 4 potions of lignification
 k - 2 potions of might
 m - 2 potions of brilliance
 w - a potion of heal wounds
 E - 2 potions of haste
 J - 8 potions of agility
 U - a potion of invisibility
Comestibles
 f - 22 rations


   Skills:
 + Level 20.1 Fighting
 - Level 14.7 Maces & Flails
 + Level 18.1 Armour
 + Level 19.4 Dodging
 + Level 12.3 Shields


You had 21 spell levels left.
You didn't know any spells.

Dungeon Overview and Level Annotations

Branches:
Dungeon (15/15)            Temple (1/1) D:6            Lair (6/6) D:9
  Swamp (4/4) Lair:4       Spider (4/4) Lair:2        Slime (5/5) Lair:6
    Orc (2/2) D:12            Elf (0/3) Orc:2        Vaults (4/5) D:14
  Crypt (0/3) Vaults:3     Depths (0/5) D:15

Altars:
Ashenzari
Cheibriados
Dithmenos
Elyvilon
Fedhas
Gozag
Hepliaklqana
Kikubaaqudgha
Nemelex Xobeh
Okawaru
Qazlal
Ru
Sif Muna
Trog
Uskayaw
Vehumet
Wu Jian
Yredelemnul
Zin
The Shining One

Shops:
D:4 *   D:6 (   D:8 %   D:9 }   D:11 [   D:12 ([   D:14 *   Orc:1 *
Orc:2 [(*:

Portals:
Trove: D:10 (give +4 ice dragon scales)

Annotations:
Slime:5 Royal Jelly


Innate Abilities, Weirdness & Mutations

You are resistant to torment.
Your stone body is resilient. (AC +16)
You are immune to poison.
Your large and strong wings let you fly indefinitely.
You resist negative energy. (rN+)
You are resistant to electric shocks. (rElec)
You can survive without breathing.
You are immune to petrification.
You are immune to rotting.
You can translocate small distances at will.
You are clumsy. (Dex -2)
Armour fits poorly on your strangely shaped body.
You are dopey. (Int -2)
You are robust. (+10% HP)
You are weak. (Str -2)
You expend magic power (3 MP) to strengthen your wands.


Message History

The acid blob is almost dead.
You whack the acid blob!
Your hands burn!
* * * LOW HITPOINT WARNING * * *
The acid blob is almost dead.
The acid blob spits acid at you. The splash of acid hits you!
You are splashed with acid!
The acid burns!
You resist.
* * * LOW HITPOINT WARNING * * *
You barely miss the acid blob.
The acid blob is almost dead.
The acid blob hits you!!
* * * LOW HITPOINT WARNING * * *
You are splashed with acid!
The acid burns!
You resist.
* * * LOW HITPOINT WARNING * * *
Unknown command.
You feel much better. The acid blob closely misses you.
Okay, then.
You blink.
You feel slightly more hungry.
You are splashed with acid!
The walls burn you! You resist.
You die...

##.......................
#............<...........
##.......................
##.##.................#...
#......................##.
##....................##..
##............>.....#####.
##......#......§J.....##...
#....#..##@................
##.......##............#.*,
##.......##..............#,, #**
#........#...........##.##*,
##.###.....................#.##**
#...#.........................#
#...##...........##...#....#.##
#..............#^.##.......#*#
..............#....#........#


You could see an acid blob.

Vanquished Creatures
  Dissolution (Slime:3)
  Margery (Vaults:2)
  Bai Suzhen (Spider:4)
  Nikola (Swamp:1)
  Arachne (Spider:2)
  Jorgrun (Vaults:3)
  Rupert (D:13)
  17 acid blobs
  2 sphinxes
  A thorn hunter (Swamp:1)
  Kirke (Spider:4)
  Roxanne (Swamp:1)
  Donald (Swamp:2)
  12 azure jellies
  A deep elf sorcerer (Vaults:1)
  Aizul (Swamp:1)
  A frost giant (Vaults:3)
  4 ghost moths
  Louise (Spider:2)
  An orc warlord (Orc:1)
  2 fire giants
  4 emperor scorpions
  8 vault wardens
  11 ironheart preservers
  5 entropy weavers
  A very ugly thing (Vaults:2)
  A stone giant (Vaults:4)
  3 deep elf annihilators
  6 dire elephants (Lair:6)
  A deep elf death mage (Vaults:1)
  2 ettins (Vaults:4)
  4 great orbs of eyes
  A minotaur (Lab)
  A crystal guardian (Vaults:4)
  Erolcha (D:13)
  10 ogre magi
  5 death oozes
  9 yaktaur captains
  A rakshasa (Vaults:3)
  A fire dragon (Vaults:4)
  2 ice dragons
  A vault guard (Vaults:1)
  2 ghost crabs
  26 hydras
  An anaconda (Lair:6)
  4 centaur warriors
  27 two-headed ogres
  A death knight (Vaults:3)
  9 alligators
  A catoblepas (D:15)
  2 deep troll shamans
  2 tengu warriors (D:14)
  3 death yaks (Lair:3)
  A dancing weapon (Vaults:3)
  4 deep elf knights
  4 orc high priests
  4 hell knights (Vaults:2)
  Sonja (D:11)
  2 shadow wraiths
  8 skeletal warriors
  4 deep trolls
  6 wizards
  4 unseen horrors
  2 spriggan druids (Swamp:3)
  3 shambling mangroves
  15 orc knights
  2 glowing orange brains
  A flayed ghost (Vaults:4)
  7 deep elf archers
  8 swamp dragons
  15 orb spiders
  4 harpies (Vaults:1)
  10 ironbrand convokers
  3 wolf spider zombies
  Pikel (D:7)
  3 necromancers
  9 shining eyes
  A wolf spider (shapeshifter) (Vaults:1)
  A manticore (D:14)
  3 orc sorcerers (Orc:2)
  29 ugly things
  6 cyclopes
  17 deep elf magi
  An oklob plant (Lair:3)
  30 wolf spiders
  The ghost of HedoNNN the Skirmisher, a novice GrMo of Makhleb (D:6)
  3 moths of wrath
  An ice statue (IceCv)
  21 elephants
  A guardian serpent (shapeshifter) (Vaults:4)
  Psyche (D:8)
  8 eyes of devastation
  2 black mambas
  17 vault sentinels
  6 centaur skeletons
  3 gargoyles
  14 spiny frogs
  34 yaktaurs
  A rime drake (shapeshifter) (Vaults:3)
  A yaktaur (shapeshifter) (Vaults:4)
  An efreet (D:14)
  A rime drake (Lair:1)
  7 demonic crawlers
  3 kobold demonologists
  9 komodo dragons
  14 freezing wraiths
  A queen bee (Spider:2)
  A guardian mummy (D:10)
  21 jumping spiders
  8 trolls
  2 meliai (shapeshifter)
  A polar bear (shapeshifter) (D:14)
  2 trolls (shapeshifter)
  6 meliai
  3 tyrant leeches
  A wolf spider simulacrum (IceCv)
  32 hornets
  Grinder (D:6)
  A wind drake (shapeshifter) (D:13)
  18 blink frogs
  A fire giant simulacrum (Vaults:3)
  132 slime creatures
  10 hippogriffs
  A stone giant simulacrum (Vaults:3)
  4 bog bodies
  8 dream sheep
  53 redbacks
  An ettin skeleton (Vaults:3)
  5 shadows
  A vampire (D:13)
  25 tarantellas
  9 spriggans
  4 wraiths
  2 hogs (Spider:4)
  49 yaks
  A hog (shapeshifter) (D:14)
  7 hungry ghosts
  13 golden eyes
  3 basilisks
  A human (shapeshifter) (Vaults:3)
  Menkaure (D:6)
  10 vampire mosquitoes
  2 soldier ants
  16 swamp worms
  3 wargs
  6 insubstantial wisps
  3 acid dragons
  9 water moccasins
  A floating eye (Slime:5)
  10 porcupines
  4 phantoms
  10 ice beasts
  39 orc warriors
  3 sky beasts
  9 swamp drakes
  An eye of draining (shapeshifter) (Vaults:1)
  2 black bears
  5 eyes of draining
  A black bear (shapeshifter) (Vaults:2)
  31 ogres
  3 boggarts (D:14)
  2 slaves (D:7)
  4 wolves (Lair:3)
  2 necrophages
  16 centaurs
  17 crocodiles
  15 big kobolds
  An elf zombie (Ossuary)
  19 bullfrogs
  2 wyvern zombies
  A wyvern skeleton (D:11)
  5 scorpions
  An orc simulacrum (Vaults:1)
  16 killer bees
  7 wights
  8 electric eels
  9 crimson imps
  3 howler monkeys
  6 centaur zombies
  A human simulacrum (Vaults:3)
  2 bullfrog zombies
  4 human zombies (Ossuary)
  2 quasits
  3 draconian simulacra (IceCv)
  3 hounds
  20 jellies
  Crazy Yiuf (D:7)
  2 bullfrog skeletons
  16 orc priests
  18 orc wizards
  4 iguanas
  12 worker ants
  Natasha (twice) (D:4)
  2 polar bear simulacra (IceCv)
  2 spriggan simulacra (IceCv)
  A wolf simulacrum (IceCv)
  9 troll simulacra (IceCv)
  3 centaur simulacra (IceCv)
  2 hound skeletons
  2 mummies (Ossuary)
  A worker ant zombie (D:8)
  5 gnolls
  An ogre simulacrum (IceCv)
  6 adders
  2 naga simulacra (IceCv)
  3 shadow imps
  12 white imps (IceCv)
  2 adder zombies (Ossuary)
  2 adder skeletons
  4 worms
  11 leopard geckos
  64 orcs
  3 bats
  10 giant cockroaches
  17 goblins
  18 hobgoblins
  2 jackals (D:6)
  6 quokkas
  A ball python (D:1)
  5 frilled lizards
  2 goblin zombies (Ossuary)
  5 hobgoblin zombies (Ossuary)
  19 kobolds
  7 kobold zombies (Ossuary)
  A leopard gecko skeleton (D:6)
  12 orc zombies (Ossuary)
  A quokka skeleton (D:5)
  6 rats
  2 rat zombies (Ossuary)
  A bush (Lair:6)
  A plant (Lair:6)
1641 creatures vanquished.

Vanquished Creatures (collateral kills)
  the Lernaean hydra (Swamp:4)
  A spark wasp (Spider:4)
  A death ooze (Slime:5)
  2 hydras (Swamp:4)
  A vault guard (Vaults:4)
  4 slime creatures
  A yaktaur (Vaults:4)
  3 swamp drakes (Swamp:4)
14 creatures vanquished.

Vanquished Creatures (others)
  An ironheart preserver (Vaults:1)
  A stone giant (Vaults:4)
  A yaktaur captain (Vaults:3)
  A hydra (Swamp:1)
  A centaur warrior (Vaults:4)
  A deep elf knight (Vaults:2)
  A deep elf mage (D:15)
  8 yaktaurs
  4 humans (Spider:4)
  2 centaurs (Vaults:4)
  An ogre (Vaults:3)
  2 orcs
  4 bushes (Lair:6)
  3 fungi
  26 plants
57 creatures vanquished.

Grand Total: 1712 creatures vanquished

Notes
Turn   | Place    | Note
-------+----------+-------------------------------------------
     0 | D:1      | xccam the Gargoyle Fighter began the quest for the Orb.
     0 | D:1      | Reached XP level 1. HP: 14/14 MP: 1/1
    63 | D:1      | Reached XP level 2. HP: 17/19 MP: 2/2
   809 | D:2      | Reached XP level 3. HP: 23/23 MP: 3/3
  1414 | D:2      | Reached XP level 4. HP: 28/28 MP: 4/4
  1724 | D:3      | Found a radiant altar of Vehumet.
  2803 | D:4      | Reached skill level 5 in Maces & Flails
  2803 | D:4      | Reached XP level 5. HP: 30/32 MP: 5/5
  2812 | D:4      | Noticed Natasha
  2820 | D:4      | Killed Natasha
  2920 | D:4      | Noticed an ogre
  2926 | D:4      | Killed an ogre
  2926 | D:4      | Reached XP level 6. HP: 37/37 MP: 6/6
  2968 | D:4      | Noticed Natasha
  2985 | D:4      | Killed Natasha
  2994 | D:4      | Found an iron altar of Okawaru.
  3045 | D:4      | Found Woupeipn's Assorted Antiques.
  3137 | D:4      | Bought a dented soapstone amulet for 95 gold pieces
  3244 | D:4      | Reached XP level 7. HP: 40/41 MP: 7/7
  3442 | D:5      | Entered Level 5 of the Dungeon
  3573 | D:5      | Found an ancient bone altar of Kikubaaqudgha.
  3661 | D:5      | Found a shattered altar of Ashenzari.
  3870 | D:5      | Reached XP level 8. HP: 45/46 MP: 8/8
  4004 | D:6      | Found a shadowy altar of Dithmenos.
  4052 | D:6      | Found a staircase to the Ecumenical Temple.
  4091 | Temple   | Entered the Ecumenical Temple
  4144 | Temple   | Became a worshipper of Trog the Wrathful
  4223 | D:6      | Found Rimn's Weapon Emporium.
  4485 | D:6      | Noticed Grinder
  4493 | D:6      | Paralysed by Grinder for 3 turns
  4515 | D:6      | Paralysed by Grinder for 4 turns
  4649 | D:6      | Reached skill level 10 in Maces & Flails
  4670 | D:6      | Killed Grinder
  4736 | D:6      | Noticed HedoNNN's ghost (novice GrMo)
  4743 | D:6      | Noticed Menkaure
  4771 | D:6      | Killed HedoNNN's ghost
  4771 | D:6      | Reached XP level 9. HP: 22/51 MP: 9/9
  4777 | D:6      | Killed Menkaure
  5149 | D:6      | Reached * piety under Trog
  5677 | D:7      | Found a runed door.
  6056 | D:7      | Noticed Pikel
  6104 | D:7      | Killed Pikel
  6248 | D:7      | Noticed Crazy Yiuf
  6252 | D:7      | Killed Crazy Yiuf
  6365 | D:8      | Reached XP level 10. HP: 56/56 MP: 10/10
  6392 | D:8      | Found Efraki's Food Boutique.
  6437 | D:8      | Found a sparkling altar of Nemelex Xobeh.
  6490 | D:8      | Reached ** piety under Trog
  6653 | D:8      | Found a sand-covered staircase.
  6660 | Ossuary  | Entered an ossuary
  6899 | Ossuary  | Reached *** piety under Trog
  7030 | D:8      | Noticed a three-headed hydra
  7040 | D:8      | Killed a three-headed hydra
  7040 | D:8      | Reached skill level 4 in Fighting
  7158 | D:8      | Noticed Psyche
  7176 | D:8      | Killed Psyche
  7176 | D:8      | Reached skill level 5 in Fighting
  7176 | D:8      | Reached skill level 5 in Armour
  7176 | D:8      | Reached skill level 5 in Shields
  7345 | D:8      | Noticed a two-headed ogre
  7360 | D:8      | Killed a two-headed ogre
  7360 | D:8      | Reached skill level 6 in Fighting
  7360 | D:8      | Reached XP level 11. HP: 51/64 MP: 11/11
  7738 | D:9      | Found a staircase to the Lair.
  7778 | D:9      | Got a transparent turquoise ring
  7779 | D:9      | Identified the ring "Woduum" {Str+5 Stlth-} (You found it on level 9 of the Dungeon)
  7973 | D:9      | Found Kuem's Gadget Shoppe.
  8372 | D:10     | Entered Level 10 of the Dungeon
  8381 | D:10     | Reached **** piety under Trog
  8440 | D:10     | Reached skill level 7 in Fighting
  8878 | D:10     | Found a portal to a secret trove of treasure.
  8961 | D:11     | Noticed a green ugly thing
  8961 | D:11     | Noticed a red ugly thing
  8980 | D:11     | Killed a red ugly thing
  8982 | D:11     | Killed a red ugly thing
  9007 | D:11     | Reached skill level 8 in Fighting
  9163 | D:11     | Reached XP level 12. HP: 75/75 MP: 12/12
  9252 | D:11     | Noticed Sonja
  9320 | D:11     | Killed Sonja
  9320 | D:11     | Reached skill level 9 in Fighting
  9420 | D:11     | Noticed a two-headed ogre
  9430 | D:11     | Killed a two-headed ogre
  9560 | D:11     | Found Emimna's Armour Shop.
  9678 | D:11     | Bought a +0 large shield for 63 gold pieces
  9820 | Lair:1   | Entered Level 1 of the Lair of Beasts
 10051 | Lair:1   | Reached ***** piety under Trog
 10245 | Lair:1   | Reached skill level 10 in Armour
 10245 | Lair:1   | Reached skill level 1 in Dodging
 10245 | Lair:1   | Reached skill level 10 in Shields
 10443 | Lair:2   | Noticed a seven-headed hydra
 10450 | Lair:2   | Killed a seven-headed hydra
 10450 | Lair:2   | Reached skill level 10 in Fighting
 10616 | Lair:2   | Found a labyrinth entrance.
 10625 | Lab      | Entered a labyrinth
 10860 | Lab      | Noticed a minotaur
 10877 | Lab      | Killed a minotaur
 10937 | Lab      | Identified a +1 pair of boots of running (You found it in a labyrinth)
 11120 | Lair:2   | Reached XP level 13. HP: 68/82 MP: 13/13
 11258 | Lair:2   | Found a hole to the Spider Nest.
 11664 | Lair:3   | Found a shattered altar of Ashenzari.
 12490 | Lair:4   | Received a gift from Trog
 12586 | Lair:4   | Reached skill level 11 in Fighting
 12696 | Lair:4   | Found a shadowy altar of Dithmenos.
 12836 | Lair:4   | Found a staircase to the Swamp.
 13429 | Lair:5   | Gained mutation: Your large and strong wings let you fly indefinitely. [Gargoyle growth]
 13429 | Lair:5   | Reached XP level 14. HP: 87/90 MP: 4/14
 13518 | Lair:5   | Reached skill level 5 in Dodging
 13963 | Lair:6   | Entered Level 6 of the Lair of Beasts
 14168 | Lair:6   | Received a gift from Trog
 14172 | Lair:6   | Found a staircase to the Slime Pits.
 14420 | Lair:6   | Reached ****** piety under Trog
 15059 | Lair:6   | Noticed a dire elephant
 15059 | Lair:6   | Noticed a dire elephant
 15080 | Lair:6   | Killed a dire elephant
 15080 | Lair:6   | Reached skill level 12 in Fighting
 15105 | Lair:6   | Killed a dire elephant
 15157 | Lair:6   | Noticed a dire elephant
 15178 | Lair:6   | Killed a dire elephant
 15194 | Lair:6   | Noticed a dire elephant
 15196 | Lair:6   | Noticed a dire elephant
 15198 | Lair:6   | Noticed a dire elephant
 15226 | Lair:6   | Killed a dire elephant
 15252 | Lair:6   | Killed a dire elephant
 15260 | Lair:6   | Killed a dire elephant
 15640 | D:12     | Found a flagged portal.
 15664 | Bailey   | Entered a bailey
 15738 | Bailey   | Found an iron altar of Okawaru.
 15903 | Bailey   | Received a gift from Trog
 16209 | Bailey   | Found the +5 pair of quick blades "Gyre" and "Gimble" {pierce, Dex-3}
 16224 | Bailey   | Got a pair of scorched boots
 16225 | Bailey   | Identified the +2 pair of boots of Miracles {+Inv rF+} (You found it in a bailey)
 16408 | D:12     | Found Soungu's Armour Boutique.
 16408 | D:12     | Found a staircase to the Orcish Mines.
 16410 | D:12     | Found Vaf Taonu's Weapon Boutique.
 16456 | Orc:1    | Entered Level 1 of the Orcish Mines
 16564 | Orc:1    | Found Fimeutuwn's Assorted Antiques.
 16672 | Orc:1    | Reached XP level 15. HP: 97/97 MP: 5/15
 16798 | Orc:2    | Entered Level 2 of the Orcish Mines
 16902 | Orc:2    | Found Ginublabiw's Antique Weapon Shoppe.
 16918 | Orc:2    | Noticed an orc warlord
 16979 | Orc:1    | Killed an orc warlord
 17042 | Orc:2    | Found Qiotue's General Store.
 17060 | Orc:2    | Bought 2 potions of heal wounds for 140 gold pieces
 17161 | Orc:2    | Found Abudiat's Book Shop.
 17174 | Orc:2    | Found a staircase to the Elven Halls.
 17308 | Orc:2    | Reached skill level 13 in Fighting
 17489 | Orc:2    | Found Tiliff's Antique Armour Shoppe.
 17613 | Orc:2    | Received a gift from Trog
 18250 | Swamp:1  | Entered Level 1 of the Swamp
 18320 | Swamp:1  | Noticed a thorn hunter
 18337 | Swamp:1  | Killed a thorn hunter
 18492 | Swamp:1  | Noticed Roxanne
 18528 | Swamp:1  | Killed Roxanne
 18637 | Swamp:1  | Noticed Aizul
 18657 | Swamp:1  | Killed Aizul
 18675 | Swamp:1  | Reached skill level 10 in Dodging
 18926 | Swamp:1  | Noticed Nikola
 18941 | Swamp:1  | Killed Nikola
 19159 | Swamp:2  | Noticed Donald
 19179 | Swamp:2  | Killed Donald
 19210 | Swamp:2  | Reached XP level 16. HP: 83/105 MP: 5/16
 19270 | Swamp:2  | Gained mutation: Your muscles are strong. (Str +2) [potion of mutation]
 19270 | Swamp:2  | Lost mutation: Your muscles are strong. (Str +2) [potion of mutation]
 19270 | Swamp:2  | Gained mutation: You can translocate small distances at will. [potion of mutation]
 19875 | Swamp:3  | Received a gift from Trog
 19898 | Swamp:3  | Reached skill level 14 in Fighting
 20632 | Swamp:4  | Entered Level 4 of the Swamp
 21189 | Swamp:4  | Received a gift from Trog
 21256 | Swamp:4  | Noticed the 27-headed Lernaean hydra
 21278 | Swamp:4  | Killed the 27-headed Lernaean hydra
 21475 | Swamp:4  | Got a decaying rune of Zot
 21619 | Swamp:2  | Reached XP level 17. HP: 112/112 MP: 5/17
 21784 | Spider:1 | Entered Level 1 of the Spider Nest
 22348 | Spider:1 | Reached skill level 15 in Fighting
 22348 | Spider:1 | Reached skill level 15 in Armour
 22359 | Spider:2 | Noticed Arachne
 22384 | Spider:2 | Killed Arachne
 22854 | Spider:2 | Noticed Louise
 22891 | Spider:2 | Killed Louise
 23205 | Spider:2 | Received a gift from Trog
 24134 | Spider:3 | Got a translucent copper ring
 24135 | Spider:3 | Identified the ring of the Okapi {rPois Str+2 Stlth-} (You found it on level 3 of the Spider Nest)
 24683 | Spider:4 | Entered Level 4 of the Spider Nest
 24761 | Spider:4 | Noticed Bai Suzhen
 24800 | Spider:4 | Killed Bai Suzhen
 24897 | Spider:4 | Noticed Kirke
 24941 | Spider:4 | Killed Kirke
 25073 | Spider:4 | Received a gift from Trog
 25414 | Spider:4 | Reached XP level 18. HP: 117/120 MP: 6/18
 25686 | Spider:4 | Reached skill level 16 in Fighting
 26028 | Spider:4 | Got a gossamer rune of Zot
 26591 | D:12     | Received a gift from Trog
 26792 | D:13     | Noticed Rupert
 26817 | D:13     | Killed Rupert
 26872 | D:13     | Found a frozen archway.
 26962 | IceCv    | Entered an ice cave
 27140 | IceCv    | Found an ancient bone altar of Kikubaaqudgha.
 27538 | D:13     | Noticed Erolcha
 27552 | D:13     | Killed Erolcha
 27552 | D:13     | Received a gift from Trog
 28035 | D:14     | Found a gate to the Vaults.
 28132 | D:14     | Found Muusent's Assorted Antiques.
 28152 | D:14     | Bought a potion of haste for 330 gold pieces
 28453 | D:14     | Received a gift from Trog
 28487 | D:14     | Reached skill level 15 in Dodging
 28934 | D:15     | Entered Level 15 of the Dungeon
 29086 | D:15     | Reached XP level 19. HP: 127/127 MP: 6/19
 29682 | D:15     | Found a staircase to the Depths.
 30037 | Vaults:1 | Entered Level 1 of the Vaults
 30061 | Vaults:1 | Reached skill level 17 in Fighting
 30068 | Vaults:1 | Received a gift from Trog
 30726 | Vaults:1 | Identified a scroll of acquirement
 30836 | Vaults:1 | Received a gift from Trog
 30889 | Vaults:1 | Got a warped turquoise ring
 30890 | Vaults:1 | Identified the ring of Dishonesty {MR+ Stlth+} (You acquired it on level 1 of the Vaults)
 31695 | Vaults:2 | Noticed Margery
 31706 | Vaults:2 | Reached XP level 20. HP: 134/136 MP: 6/20
 31758 | Vaults:2 | Killed Margery
 32402 | Vaults:2 | Received a gift from Trog
 33455 | Vaults:3 | Reached skill level 18 in Fighting
 33558 | Vaults:3 | Received a gift from Trog
 34180 | Vaults:3 | Noticed Jorgrun
 34199 | Vaults:3 | Killed Jorgrun
 34748 | Vaults:3 | Got a bound lapis lazuli ring
 34749 | Vaults:3 | Identified the ring of Henotheism {+Fly Int+4} (You found it on level 3 of the Vaults)
 34947 | Vaults:3 | Received a gift from Trog
 35062 | Vaults:3 | Found a staircase to the Crypt.
 35062 | Vaults:3 | Found an ancient bone altar of Kikubaaqudgha.
 35063 | Vaults:3 | Found a basalt altar of Yredelemnul.
 35677 | Vaults:4 | Reached XP level 21. HP: 132/142 MP: 7/21
 35843 | Vaults:4 | Received a gift from Trog
 36053 | Vaults:4 | Reached skill level 19 in Fighting
 37537 | Slime:1  | Entered Level 1 of the Pits of Slime
 39112 | Slime:2  | Received a gift from Trog
 40111 | Slime:4  | Gained mutation: You are clumsy. (Dex -2) [a shining eye]
 40340 | Slime:3  | Noticed Dissolution
 40348 | Slime:3  | Killed Dissolution
 40348 | Slime:3  | Reached XP level 22. HP: 123/152 MP: 7/22
 40678 | Slime:3  | Received a gift from Trog
 41005 | Slime:5  | Entered Level 5 of the Pits of Slime
 41011 | Slime:5  | Paralysed by a floating eye for 2 turns
 41035 | Slime:5  | Gained mutation: Armour fits poorly on your strangely shaped body. [a shining eye]
 41043 | Slime:5  | Gained mutation: You are robust. (+10% HP) [a shining eye]
 41126 | Slime:5  | Gained mutation: You are dopey. (Int -2) [a shining eye]
 41145 | Slime:5  | Reached skill level 20 in Fighting
 41404 | Slime:5  | Gained mutation: You are weak. (Str -2) [a shining eye]
 41539 | Slime:5  | Gained mutation: Scrolls take you a little longer to read. [a shining eye]
 41553 | Slime:4  | Gained mutation: You expend magic power (3 MP) to strengthen your wands. [a shining eye]
 41949 | Slime:5  | Lost mutation: Scrolls take you a little longer to read. [a shining eye]
 41957 | Slime:5  | Noticed the Royal Jelly
 43537 | Slime:4  | HP: 6/167 [acid[the Royal Jelly] (5)]
 43539 | Slime:4  | Splashed with acid

Skill      XL: |  1  2  3  4  5  6  7  8  9 10 11 12 13 14 15 16 17 18 19 20 21 22 |
---------------+-------------------------------------------------------------------+-----
Maces & Flails | 3 4 5 6 7 9 11 13 14 | 14.7
Fighting       | 6 8 10 11 12 13 14 15 16 17 18 19 20 | 20.1
Armour         | 6 8 10 11 12 13 14 15 16 17 18 | 18.1
Shields        | 6 8 10 11 12 | 12.3
Dodging        | 2 4 8 10 12 13 15 16 17 19 | 19.4

Action                   |  1- 3 |  4- 6 |  7- 9 | 10-12 | 13-15 | 16-18 | 19-21 | 22-24 || total
-------------------------+-------+-------+-------+-------+-------+-------+-------+-------++-------
Melee: Flail             |   170 |   186 |   424 |  1160 |       |       |       |       ||  1940
       Eveningstar       |       |       |       |    12 |   243 |       |       |       ||   255
       Demon whip        |       |       |       |       |  1653 |  2334 |  2582 |   461 ||  7030
Invok: Berserk           |       |       |     3 |     6 |     4 |     8 |     8 |     3 ||    32
       Trog's Hand       |       |       |       |     3 |     8 |    12 |    15 |     2 ||    40
       Burn Spellbooks   |       |       |       |     2 |     4 |     4 |       |       ||    10
       Brothers in Arms  |       |       |       |       |       |     3 |     2 |     4 ||     9
 Abil: Fly               |       |       |       |       |     2 |       |     1 |       ||     3
       Stop Flying       |       |       |       |       |     1 |     1 |       |       ||     2
       Blink             |       |       |       |       |       |       |       |     1 ||     1
Evoke: Wand              |       |       |       |     4 |       |       |    10 |     1 ||    15
  Use: Scroll            |       |     8 |     9 |     8 |    12 |     3 |    13 |     3 ||    56
       Potion            |       |     1 |     6 |     3 |     2 |     4 |     2 |     2 ||    20
 Stab: Invisible         |       |       |     4 |     2 |       |       |       |       ||     6
       Distracted        |       |       |       |       |     1 |       |       |       ||     1
       Petrified         |       |       |       |       |       |       |     5 |       ||     5
       Paralysed         |       |       |       |       |       |       |     4 |       ||     4
  Eat: Chunk             |     2 |     6 |     7 |    18 |    19 |    21 |    22 |       ||    95
       Ration            |       |       |     2 |     7 |     4 |     7 |     9 |     4 ||    33
Armor: Scale mail        |    84 |    88 |   174 |   179 |       |       |       |       ||   525
       Plate armour      |       |       |       |   369 |       |       |       |       ||   369
       Crystal plate arm |       |       |       |     5 |   857 |  1241 |   779 |   247 ||  3129
Dodge: Dodged            |    41 |    56 |   109 |   220 |   301 |   576 |   492 |   143 ||  1938
Block: Shield            |    90 |    72 |   186 |   476 |  1006 |  1588 |  1385 |   252 ||  5055
       Reflection        |       |       |       |       |       |    10 |   123 |     3 ||   136
